 Dungeon Crawl Stone Soup version 0.19.1 (webtiles) character file.

98 Banto the Slasher (level 4, -14/29 HPs)
             Began as a High Elf Skald on Nov 25, 2016.
             Killed by divine providence
             ... invoked by an orc priest
              (15 damage)
             ... on level 3 of the Dungeon.
             The game lasted 00:02:40 (2016 turns).

Banto the Slasher (High Elf Skald)                  Turns: 2016, Time: 00:02:41

Health: -14/29     AC:  4    Str: 11    XL:     4   Next: 44%
Magic:  7/8        EV: 13    Int: 16    God:
Gold:   162        SH:  0    Dex: 15    Spells: 3 memorised, 3 levels left

rFire  . . .     SeeInvis .     r - -3 short sword (curse)
rCold  + . .     Gourm    .     b - +1 leather armour
rNeg   . . .     Faith    .     (no shield)
rPois  .         Spirit   .     (no helmet)
rElec  .         Reflect  .     (no cloak)
rCorr  .         Harm     .     (no gloves)
MR     .....                    (no boots)
Stlth  +.........               (no amulet)
                                g - ring of flight
                                e - ring of protection from cold

@: no status effects
A: no striking features
a: Evoke Flight


You were on level 3 of the Dungeon.
You were not hungry.

You visited 1 branch of the dungeon, and saw 3 of its levels.

You collected 162 gold pieces.

Inventory:

Hand Weapons
 a - a +0 falchion
 r - a cursed -3 short sword (weapon)
Armour
 b - a +1 leather armour (worn)
Jewellery
 e - a ring of protection from cold (left hand)
 g - a ring of flight (right hand)
Scrolls
 l - 2 scrolls of remove curse
 m - a scroll of teleportation
Potions
 f - a potion of flight
 h - a potion of might
 i - a potion of curing {unknown}
 k - a potion of degeneration {unknown}
 n - 2 potions of cancellation {unknown}
 o - 2 potions of agility {unknown}
Books
 c - a book of Battle

   Spells                             Type                      Level
   a - Infusion                       Charms                       1
   b - Shroud of Golubria             Charms/Translocation         2
   c - Song of Slaying                Charms                       2
   d - Spectral Weapon                Hexes/Charms                 3
   e - Regeneration                   Charms/Necromancy            3
 p - a book of Minor Magic

   Spells                             Type                      Level
   a - Magic Dart                     Conjuration                  1
   b - Blink                          Translocation                2
   c - Call Imp                       Summoning                    2
   d - Repel Missiles                 Charms/Air                   2
   e - Slow                           Hexes                        2
   f - Conjure Flame                  Conjuration/Fire             3
   g - Mephitic Cloud                 Conjuration/Poison/Air       3
Comestibles
 d - 5 bread rations
 j - a meat ration
 q - a chunk of flesh


   Skills:
 - Level 2.0 Fighting
 + Level 4.3 Long Blades
 - Level 0.8 Armour
 + Level 2.9 Dodging
 - Level 2.5 Spellcasting
 - Level 4.1 Charms


You had 3 spell levels left.
You knew the following spells:

 Your Spells              Type           Power        Failure   Level  Hunger
a - Infusion              Chrm           ###.         6%          1    #......
b - Song of Slaying       Chrm           ###.....     10%         2    ##.....
c - Shroud of Golubria    Chrm/Tloc      #.........   17%         2    ##.....


Dungeon Overview and Level Annotations

Branches:
Dungeon (3/15)

Altars:


Message History

The jackal misses you.
The jackal bites you but does no damage.
You are no longer magically infusing your attacks.
The orc priest mumbles some strange prayers to Beogh against you.
Pain shoots through your body! The jackal closely misses you.
You take 3 damage, and have 13/29 hp.
The jackal barely misses you. The jackal bites you.
You take 1 damage, and have 12/29 hp.
The jackal closely misses you. The jackal misses you.
There is a stone staircase leading up here.
The jackal closely misses you.
The orc priest calls down the wrath of Beogh upon you.
Pain shoots through your body!
* * * LOW HITPOINT WARNING * * *
The orc priest invokes the aid of Beogh against you.
Beogh smites you!
Ouch! That really hurt!
You die...

#####...o.#.#
...#.#####o##### ####.#.#
###.o...# .......# #...o...#
##### ####.#####.##....#
#...# #.......##....# #...#
#.########.o..# #...# # #.#
#..'...h###...##.#.##.
#######.##...@'.............
#...........###...##.#.##.
#.###.#.#.....#...+......
#.# #...#..##.#...##....##
#.#######..##.###.# .....#+#
#.##..............# #.#.....
#.##.########.##..# #.#.....
#.................# #..(....
####.########.##.####<##...#


You could see 2 orc priests, 2 orcs and a jackal.

Vanquished Creatures
  Jessica (D:2)
  An adder (D:2)
  An ooze (D:2)
  A worm (D:2)
  A dart slug (D:2)
  3 leopard geckos (D:1)
  A ball python (D:2)
  12 goblins
  A hobgoblin (D:2)
  5 jackals
  7 bats
  5 frilled lizards (D:2)
  8 kobolds
  5 rats
52 creatures vanquished.

Notes
Turn   | Place    | Note
-------+----------+-------------------------------------------
     0 | D:1      | Banto the High Elf Skald began the quest for the Orb.
     0 | D:1      | Reached XP level 1. HP: 14/14 MP: 4/4
   219 | D:1      | Reached XP level 2. HP: 9/19 MP: 2/6
   453 | D:1      | Learned a level 2 spell: Song of Slaying
   456 | D:1      | Learned a level 2 spell: Shroud of Golubria
   915 | D:2      | Reached XP level 3. HP: 20/24 MP: 1/7
  1813 | D:2      | Reached XP level 4. HP: 29/29 MP: 8/8
  1815 | D:2      | Noticed Jessica
  1822 | D:2      | Killed Jessica
  2016 | D:3      | HP: 1/29 [orc priest/nerve-wracking pain (12)]
  2016 | D:3      | Killed from afar by an orc priest

Skill      XL: |  1  2  3 |
---------------+----------+-----
Charms         | 4 |  4.1
Long Blades    | 3 4 |  4.3
Dodging        | 2 |  2.9
Fighting       | |  2.0
Armour         | |  0.8
Spellcasting   | |  2.5

Action                   |  1- 3 |  4- 6 || total
-------------------------+-------+-------++-------
Melee: Falchion          |   110 |     6 ||   116
       Short sword       |       |     4 ||     4
 Cast: Infusion          |    12 |     2 ||    14
       Shroud of Golubri |     2 |       ||     2
  Use: Scroll            |     8 |     2 ||    10
  Eat: Chunk             |     3 |     1 ||     4
Armor: Leather armour    |    34 |     7 ||    41
Dodge: Dodged            |    67 |    14 ||    81
       Rpst.: Falchion   |    21 |     4 ||    25

Table legend:
 A = Turns spent in this place as a percentage of turns spent in the entire game.
 B = Non-inter-level travel turns spent in this place as a percentage of non-inter-level travel turns spent in the entire game.
 C = Inter-level travel turns spent in this place as a percentage of turns spent in this place.
 D = Turns resting spent in this place as a percentage of non-inter-level travel turns spent in this place.
 E = Turns spent auto-exploring this place as a percentage of non-inter-level travel turns spent in this place.
 F = Non-inter-level travel turns spent in this place divided by the number of levels of this place that you've seen.
                   A       B       C       D       E      F
               +-------+-------+-------+-------+-------+----------------------
         Total | 100.0 | 100.0 |   0.9 |   4.5 |  15.2 | 177.7
       Dungeon | 100.0 | 100.0 |   0.9 |   4.5 |  15.2 | 177.7
               +-------+-------+-------+-------+-------+----------------------

Table legend:
 A = Kills in this place as a percentage of kills in entire the game.
 B = Kills by you in this place as a percentage of kills by you in the entire game.
 C = Kills by friends in this place as a percentage of kills by friends in the entire game.
 D = Other kills in this place as a percentage of other kills in the entire game.
 E = Experience gained in this place as a percentage of experience gained in the entire game.
 F = Experience gained in this place divided by the number of levels of this place that you have seen.
                   A       B       C       D       E      F
               +-------+-------+-------+-------+-------+----------------------
         Total | 100.0 | 100.0 |  -nan |  -nan | 100.0 |  47.0
       Dungeon | 100.0 | 100.0 |  -nan |  -nan | 100.0 |  47.0
               +-------+-------+-------+-------+-------+----------------------
